 Dungeon Crawl Stone Soup version 0.17.1-1-g73c8601 (webtiles) character file.

1734 Mysteryquy the Thaumaturge (level 8, -5/34 HPs)
             Began as a Felid Conjurer on Jan 4, 2016.
             Was a Believer of Vehumet.
             Killed by divine providence
             ... invoked by an orc priest
              (11 damage)
             ... on level 8 of the Dungeon.
             The game lasted 00:23:10 (10680 turns).

Mysteryquy the Thaumaturge (Felid Conjurer)        Turns: 10680, Time: 00:23:11

Health: -5/34      AC:  2    Str:  4    XL:     8   Next: 76%
Magic:  0/22       EV: 18    Int: 20    God:    Vehumet [**....]
Gold:   375        SH:  0    Dex: 16    Spells: 4 memorised, 15 levels left
                                        Lives:  0   Deaths: 2

rFire  . . .     SeeInvis +       - Unarmed
rCold  . . .     Clarity  .     (armour unavailable)
rNeg   . . .     SustAt   .     (shield unavailable)
rPois  .         Gourm    .     (helmet unavailable)
rElec  .         Spirit   .     (cloak unavailable)
rCorr  .         Warding  .     (gloves unavailable)
rMut   .         Stasis   .     (boots unavailable)
MR     +....                    (no amulet)
Stlth  +++.......               (no ring)
                                (no ring)

@: quick, somewhat resistant to hostile enchantments, fairly stealthy
A: no armour, no weapons or thrown items, claws 1, fangs 3, see invisible,
carnivore 3, speed 1, shaggy fur 2, slow metabolism 1, sharp paws
a: Renounce Religion


You were on level 8 of the Dungeon.
You worshipped Vehumet.
Vehumet was pleased with you.
You were very full.

You visited 2 branches of the dungeon, and saw 9 of its levels.

You collected 414 gold pieces.
You spent 39 gold pieces at shops.

Inventory:

Jewellery
 p - an uncursed ring of positive energy {unknown}
 t - an uncursed ring of protection from fire {unknown}
 C - the amulet of the Four Winds {Clar rN+ MR+++}
   (You found it on level 7 of the Dungeon)

   [amulet of clarity]

   It provides mental clarity.
   It protects you from negative energy.
   It affects your resistance to hostile enchantments.
Wands
 B - a wand of fire (5)
 D - a wand of disintegration (15)
 E - a wand of digging (11)
Scrolls
 c - 3 scrolls of recharging {unknown}
 d - a scroll of blinking {unknown}
 e - 2 scrolls of enchant armour {unknown}
 g - 5 scrolls of remove curse {unknown}
 j - 8 scrolls of identify {unknown}
 l - 4 scrolls of teleportation
 n - a scroll of magic mapping {unknown}
 r - a scroll of fear {unknown}
 u - 5 scrolls of fog {unknown}
 y - a scroll of vulnerability {unknown}
 z - a scroll of enchant weapon {unknown}
 A - a scroll of random uselessness {unknown}
Potions
 h - a potion of magic
 i - 3 potions of curing
 k - a potion of cancellation {unknown}
 o - a potion of poison {unknown}
 q - 3 potions of brilliance {unknown}
 s - 2 potions of heal wounds {unknown}
 x - a potion of might {unknown}
Books
 a - a book of Conjurations

   Spells                             Type                      Level
   a - Magic Dart                     Conjuration                  1
   b - Searing Ray                    Conjuration                  2
   c - Dazzling Spray                 Conjuration/Hexes            3
   d - Fulminant Prism                Conjuration/Hexes            4
   e - Iskenderun's Mystic Blast      Conjuration                  4
   f - Iskenderun's Battlesphere      Conjuration/Charms           5
 v - a book of Clouds

   Spells                             Type                      Level
   a - Mephitic Cloud                 Conjuration/Poison/Air       3
   b - Conjure Flame                  Conjuration/Fire             3
   c - Poisonous Cloud                Conjuration/Poison/Air       6
   d - Freezing Cloud                 Conjuration/Ice/Air          6
   e - Ring of Flames                 Charms/Fire                  7
 w - a book of Burglary

   Spells                             Type                      Level
   a - Swiftness                      Charms/Air                   2
   b - Passwall                       Transmutation/Earth          3
   c - Passage of Golubria            Translocation                4
   d - Lee's Rapid Deconstruction     Earth                        5
   e - Darkness                       Hexes                        6
   f - Invisibility                   Hexes                        6
Comestibles
 b - 5 meat rations
 f - a beef jerky
 m - 2 royal jellies


   Skills:
 + Level 3.0 Fighting
 - Level 2.6 Dodging
 - Level 2.6 Stealth
 - Level 2.0 Unarmed Combat
 + Level 9.5 Spellcasting
 + Level 9.2 Conjurations
 - Level 0.3 Air Magic
 - Level 1.0 Poison Magic


You had 15 spell levels left.
You knew the following spells:

 Your Spells              Type           Power        Failure   Level  Hunger
a - Magic Dart            Conj           ####         1%          1    None
b - Searing Ray           Conj           #####.       1%          2    None
c - Mephitic Cloud        Conj/Pois/Air  ###.....     8%          3    None
d - Iskenderun's Battles  Conj/Chrm      ####....     30%         5    #####..


Dungeon Overview and Level Annotations

Branches:
Dungeon (8/15)             Temple (1/1) D:5            Lair (0/8) D:8

Altars:
Ashenzari
Cheibriados
Dithmenos
Elyvilon
Fedhas
Gozag
Makhleb
Nemelex Xobeh
Okawaru
Qazlal
Ru
Sif Muna
Trog
Vehumet
Xom
Yredelemnul
Zin
The Shining One

Shops:
D:7 [   D:8 ?

Annotations:
D:3 1 runed door
D:7 DeXoteric's ghost, novice FoFi
D:8 Joseph


Innate Abilities, Weirdness & Mutations

You cannot wear armour.
You are incapable of wielding weapons or throwing items.
You have sharp claws.
You have razor-sharp teeth.
You have supernaturally acute eyesight.
You are carnivorous and can eat meat at any time.
You cover ground quickly.
You are covered in thick fur (AC +2).
You have a slow metabolism.
Your sharp claws are effective at attacking unaware monsters.


Message History

Casting: Magic Dart
Confirm with . or Enter, or press ? or * to list all spells.
Aiming: Magic Dart
Press: ? - help, Shift-Dir - straight line, f/p - orc priest
Aim: an orc priest, wielding a dagger and wearing a leather armour (severely wounded)
The magic dart hits the orc priest.
The orc priest is severely wounded.
The orc priest misses you.
An orc priest is nearby!
You scratch the orc priest but do no damage.
You bite the orc priest.
The orc priest is severely wounded.
The orc priest mumbles some strange prayers to Beogh against you.
Something smites you!
* * * LOW HITPOINT WARNING * * *
You scratch the orc priest.
The orc priest is almost dead.
The orc priest mumbles some strange prayers to Beogh against you.
Something smites you!
You die...

##...#.....# .##.......##.# #####
..........##......... ###
#.#.....<............. ..#
#....#.....##.###.##.. #.#
#.##.....####.# ##. #.#
#.###....# #.# # #.
###.####.###.o#.# #.###.# #.
#..........#@.#.####.....# #.
##.##.#).>.....#)..#.........# #.
.o)........))(†.#........#...# #.
#o###!####.......#.∩.#...........
# #............####...####
#.....#####.## #...# #..#### #.#
#..... #..# #.# #..### #..# #.#
..#


You could see an orc priest.

Vanquished Creatures
  Erolcha (D:7)
  A two-headed ogre (D:6)
  A hippogriff (D:7)
  A hungry ghost (D:7)
  2 sky beasts
  A water moccasin (D:7)
  2 eyes of draining (D:6)
  A necrophage (D:6)
  An ice beast (D:6)
  2 centaurs
  An orc warrior (D:6)
  2 ogres (D:6)
  3 phantoms
  5 giant frogs
  2 scorpions
  A water moccasin skeleton (D:7)
  3 hounds
  A centaur zombie (D:6)
  2 centaur skeletons
  2 giant frog skeletons
  A jelly (D:5)
  4 worker ants
  A gnoll shaman (D:6)
  3 iguanas
  Jessica (D:2)
  6 orc wizards
  2 hell rats
  A hound zombie (D:6)
  A hound skeleton (D:4)
  Robin (D:2)
  2 worker ant zombies (D:8)
  6 gnolls
  8 adders
  2 shadow imps (D:7)
  2 oozes
  An adder skeleton (D:4)
  A worm (D:3)
  4 giant geckos
  22 orcs
  4 bats
  7 giant cockroaches
  12 goblins
  7 hobgoblins
  16 jackals
  A ball python (D:3)
  A giant gecko skeleton (D:4)
  8 giant newts
  8 kobolds
  9 rats
177 creatures vanquished.

Vanquished Creatures (others)
  A porcupine (D:7)
  A worker ant (D:7)
2 creatures vanquished.

Grand Total: 179 creatures vanquished

Notes
Turn   | Place    | Note
--------------------------------------------------------------
     0 | D:1      | Mysteryquy the Felid Conjurer began the quest for the Orb.
     0 | D:1      | Reached XP level 1. HP: 7/7 MP: 4/4
   558 | D:1      | Reached XP level 2. HP: 11/11 MP: 1/6
   560 | D:1      | Reached skill level 4 in Conjurations
  1395 | D:2      | Reached XP level 3. HP: 13/15 MP: 0/7
  1729 | D:2      | Noticed Robin
  1763 | D:2      | Killed Robin
  1763 | D:2      | Reached skill level 1 in Fighting
  1763 | D:2      | Reached XP level 4. HP: 2/19 MP: 0/9
  2303 | D:2      | Learned a level 2 spell: Searing Ray
  2407 | D:2      | Noticed Jessica
  2414 | D:2      | Killed Jessica
  2414 | D:2      | Reached skill level 1 in Unarmed Combat
  2769 | D:2      | Reached XP level 5. HP: 18/22 MP: 2/10
  2901 | D:2      | Found a snail-covered altar of Cheibriados.
  4380 | D:3      | Found a white marble altar of Elyvilon.
  4380 | D:3      | Found a runed door.
  4380 | D:3      | Noticed an angel
  4582 | D:4      | HP: 1/22 [poisoned by a worker ant]
  4587 | D:4      | Reached skill level 5 in Conjurations
  4852 | D:4      | Gained mutation: You are covered in thick fur (AC +2). [Felid growth]
  4852 | D:4      | Reached XP level 6. HP: 25/25 MP: 6/13
  5566 | D:5      | Entered Level 5 of the Dungeon
  5674 | D:5      | Reached XP level 7. HP: 20/29 MP: 9/15
  5776 | D:5      | Reached skill level 5 in Spellcasting
  5876 | D:5      | Found a staircase to the Ecumenical Temple.
  5907 | Temple   | Entered the Ecumenical Temple
  5950 | Temple   | Became a worshipper of Vehumet
  6832 | D:6      | Reached skill level 6 in Conjurations
  7235 | D:6      | Learned a level 3 spell: Mephitic Cloud
  7271 | D:6      | Found a blossoming altar of Fedhas.
  7311 | D:6      | Reached XP level 8. HP: 33/33 MP: 11/18
  7442 | D:6      | Reached * piety under Vehumet
  7442 | D:6      | Offered knowledge of Freeze by Vehumet.
  7582 | D:6      | Shot with an arrow by a centaur
  7583 | D:6      | Reached XP level 7. HP: -7/29 MP: 11/18
  7626 | D:6      | Found a bloodstained altar of Trog.
  7664 | D:6      | Reached skill level 7 in Spellcasting
  7886 | D:6      | Reached XP level 8. HP: 33/33 MP: 0/20
  8115 | D:6      | Noticed a two-headed ogre
  8194 | D:6      | Killed a two-headed ogre
  8396 | D:6      | Reached skill level 8 in Conjurations
  8611 | D:7      | Found Xiyph's Armour Shoppe.
  8836 | D:7      | Found a shattered altar of Ashenzari.
  8941 | D:7      | Reached XP level 9. HP: 33/37 MP: 20/22
  9160 | D:7      | Noticed DeXoteric's ghost (novice FoFi)
  9321 | D:7      | Reached skill level 1 in Poison Magic
  9565 | D:8      | Found a staircase to the Lair.
  9565 | D:8      | Noticed Joseph
  9565 | D:8      | Noticed Erolcha
  9860 | D:6      | Learned a level 5 spell: Iskenderun's Battlesphere
  9899 | D:7      | Killed Erolcha
  9899 | D:7      | Reached skill level 9 in Spellcasting
 10551 | D:8      | Killed from afar by an orc wizard
 10552 | D:8      | Reached XP level 8. HP: -7/34 MP: 17/22
 10552 | D:8      | Found Tunu's Magic Scroll Shoppe.
 10560 | D:8      | Bought a scroll of teleportation for 39 gold pieces
 10642 | D:8      | Reached ** piety under Vehumet
 10657 | D:8      | Offered knowledge of Throw Frost by Vehumet.
 10680 | D:8      | Killed from afar by an orc priest

Action                   |  1- 3 |  4- 6 |  7- 9 || total
-------------------------+-------+-------+-------++-------
Melee: Unarmed           |    40 |    25 |   111 ||   176
 Cast: Magic Dart        |    71 |   195 |   291 ||   557
       Searing Ray       |       |    10 |    26 ||    36
       Mephitic Cloud    |       |       |     5 ||     5
       Iskenderun's Batt |       |       |     1 ||     1
  Use: Potion            |       |     2 |       ||     2
  Eat: Chunk             |     2 |    15 |     9 ||    26
       Beef jerky        |       |       |     1 ||     1
